 Dungeon Crawl Stone Soup version 0.32-a0-986-ga09f62fbf4 (webtiles) character file.

Game seed: 18383971688196855879

35 LostInTranslocation the Changeling (level 3, -1/26 HPs)
             Began as a Demonspawn Shapeshifter on Apr 22, 2024.
             Slain by a hobgoblin (4 damage)
             ... on level 1 of the Dungeon.
             The game lasted 00:04:10 (1018 turns).

LostInTranslocation the Changeling (DsSh)           Turns: 1018, Time: 00:04:11

Health: -1/26      AC:  2    Str: 14    XL:     3   Next: 16%
Magic:  3/3        EV:  1    Int: 14    God:
Gold:   8          SH:  5    Dex: 12    Spells: 2/2 levels left

rFire   . .          .
                       - Unarmed
rCold   . . .        (no shield)
rNeg    . . .        a - +0 animal skin
rPois   .            (helmet currently unavailable)
rElec   .            (cloak currently unavailable)
rCorr   .            (gloves currently unavailable)
SInv    .            (boots currently unavailable)
Will    .....        h - amulet of reflection
Stlth   +            (no ring)
HPRegen 0.24/turn    (no ring)
MPRegen 0.08/turn

%: reflection
@: beast-form, constricted
A: beast (slay +2), powered by death 1, big brain 1
a: Begin Untransformation


You were on level 1 of the Dungeon.
You were a hulking beast.
You visited 1 branch of the dungeon, and saw 2 of its levels.

You collected 8 gold pieces.

Inventory:

Missiles
 e - 3 stones (quivered)
Armour
 a - a +0 animal skin (worn)
Magical Staves
 g - a staff of fire
Jewellery
 h - an amulet of reflection (around neck)
 i - an amulet of magic regeneration
Talismans
 c - a beast talisman (active)
 d - a flux talisman
Scrolls
 j - a scroll of identify {unknown}
 k - a scroll of fear {unknown}
Potions
 b - a potion of lignification
 f - a potion of experience {unknown}


   Skills:
 - Level 1.0 Fighting
 - Level 1.8 Dodging
 - Level 2.7 Unarmed Combat
 + Level 3.7 Shapeshifting


You had 2 spell levels left.
You didn't know any spells.
Your spell library was empty.

Dungeon Overview and Level Annotations

Branches:
Dungeon (2/15)

Altars:


Innate Abilities, Weirdness & Mutations

You are a hulking beast.
Your limbs bulge with bestial killing power. (Slay +2)
You regenerate a little health from kills.
You have an unusually large brain. (Int +2)


Message History

The goblin shouts!
You hear an angry hiss.
You hear a shout!
There is a stone staircase leading up here.
You climb upwards.
There is a stone staircase leading down here.
You start resting.
HP restored.
Health restored: 26 Unknown command.
Unknown command.
You climb downwards.
The goblin hits you with a +0 club. You block the ball python's attack.
The ball python barely misses you.
The ball python bites you but does no damage.
The ball python grabs you. The ball python constricts you.
The goblin hits you with a +0 club.
There is a stone staircase leading up here.
You take 5 damage, and have 21/26 hp.
You hit the ball python but do no damage.
You punch the ball python, but do no damage.
The ball python bites you. The ball python constricts you.
The goblin hits you with a +0 club.
You take 6 damage, and have 15/26 hp.
MASSIVE DAMAGE!!
You escape the ball python's grasp.
The goblin barely misses you. The hobgoblin closely misses you.
You climb upwards.
There is a stone staircase leading down here.
The ball python bites you but does no damage.
You stop removing your amulet.
The ball python barely misses you. The goblin hits you with a +0 club.
The hobgoblin hits you.
You take 2 damage, and have 13/26 hp.
The hobgoblin attacks as it pursues you!
The hobgoblin hits you. The ball python closely misses you.
The ball python grabs you. The ball python constricts you.
* * * LOW HITPOINT WARNING * * *
You take 6 damage, and have 7/26 hp.
MASSIVE DAMAGE!!
The ball python's grasp on you weakens, but your attempt to escape fails.
The ball python bites you but does no damage.
The ball python constricts you. The goblin hits you with a +0 club.
* * * LOW HITPOINT WARNING * * *
The hobgoblin hits you.
You die...

...#####......................#
..........###########.........#
.........#### #.........#
...#........## ####.........#
.............## ##.....#.....##
..............###.............##
..............##...............#
.#.............................#
##.#.........###hg.............#
##.....)#...## #Sg.............#
....###.##### #...............#
.#.## #.# ##.............## ...#
#.##########.....#.....##
...####.#..........##.########
......................##
.......................#
...###.##...........####


You could see a hobgoblin, a goblin and a ball python.

Vanquished Creatures
  An adder (D:1)
  An endoplasm (D:1)
  A giant cockroach (D:1)
  4 goblins
  2 hobgoblins (D:1)
  3 quokkas (D:1)
  3 ball pythons (D:1)
  2 bats (D:1)
  2 frilled lizards
  A kobold (D:1)
  4 rats (D:1)
24 creatures vanquished.

Notes
Turn   | Place    | Note
-------+----------+-------------------------------------------
     0 | D:1      | LostInTranslocation the Demonspawn Shapeshifter began the
                  | quest for the Orb.
     0 | D:1      | Reached XP level 1. HP: 15/15 MP: 1/1
   307 | D:1      | Reached skill level 3 in Shapeshifting
   328 | D:1      | Gained mutation: You have an unusually large brain. (Int
                  | +2) [demonic ancestry]
   328 | D:1      | Reached XP level 2. HP: 19/21 MP: 2/2
   925 | D:1      | Gained mutation: You regenerate a little health from kills.
                  | [demonic ancestry]
   925 | D:1      | Reached XP level 3. HP: 26/26 MP: 3/3
  1018 | D:1      | Slain by a hobgoblin

Illustrated notes

Levels and vault maps discovered:
D:1:      sevenhm_arrival_forest_fort_large_4, layout_rooms
D:2:      layout_rooms

Skill      XL: |  1 |
---------------+----+-----
Shapeshifting  | 3 |  3.7
Fighting       | |  1.0
Dodging        | |  1.8
Unarmed Combat | |  2.7

Action                     || total
---------------------------++-------
  Melee: Unarmed           ||    75
         Punch             ||     1
  Throw: Stone             ||     5
    Use: Potion            ||     1
 Armour: Animal skin       ||    46
         Skin              ||     3
  Dodge: Dodged            ||    52
  Block: Other             ||    14
         Reflection        ||     1
         Form:             ||     1
         Beast             ||     1

Table legend: (Time is in decaauts)
 A = Elapsed time spent in this place.
 B = Non-inter-level travel time spent in this place.
 C = Inter-level travel time spent in this place.
 D = Time resting spent in this place.
 E = Time spent auto-exploring this place.
 F = Levels seen in this place.
 G = Mean time per level.
                   A        B        C        D        E       F      G
               +--------+--------+--------+--------+--------+-----+--------+
         Total |   1016 |    955 |     61 |    223 |    500 |   2 |  508.0 |
       Dungeon |   1016 |    955 |     61 |    223 |    500 |   2 |  508.0 |
               +--------+--------+--------+--------+--------+-----+--------+

Top non-repeatable levels by time:
     D:1: 992 daAuts
     D:2: 24 daAuts
